 Dungeon Crawl Stone Soup version 0.29-a0-299-g4c793a2ed2 (webtiles) character file.

Game seed: 11286942171041848637

262 Dabor the Chopper (level 6, -4/56 HPs)
             Began as a Hill Orc Monk on Mar 24, 2022.
             Killed from afar by Natasha (7 damage)
             ... with a magic dart
             ... on level 3 of the Dungeon.
             The game lasted 00:05:18 (3170 turns).

Dabor the Chopper (Hill Orc Monk)                   Turns: 3170, Time: 00:05:19

Health: -4/56      AC:  5    Str: 16    XL:     6   Next: 18%
Magic:  6/6        EV: 12    Int: 10    God:
Gold:   201        SH:  0    Dex: 19    Spells: 5/5 levels left

rFire   . . .      SeeInvis +   a - +0 hand axe
rCold   . . .      Faith    .   (no shield)
rNeg    . . .      Spirit   .   d - +0 ring mail
rPois   .          Reflect  .   (no helmet)
rElec   .          Harm     .   (no cloak)
rCorr   .          Rampage  .   (no gloves)
Will    .....                   (no boots)
Stlth   ++........              (no amulet)
HPRegen 0.18/turn               t - ring of see invisible
MPRegen 0.10/turn               n - +6 ring of dexterity

@: slowed, very slow
A: no striking features
a: no special abilities


You were on level 3 of the Dungeon.
You visited 1 branch of the dungeon, and saw 3 of its levels.
You also visited: Sewer.

You collected 201 gold pieces.

Inventory:

Hand Weapons
 a - a +0 hand axe (weapon)
 g - a +0 mace of protection
Missiles
 p - 6 atropa-tipped darts (quivered)
Armour
 b - a +0 robe
 d - a +0 ring mail (worn)
Jewellery
 e - a ring of resist corrosion
 n - a +6 ring of dexterity (right hand)
 t - a ring of see invisible (left hand)
Scrolls
 h - 2 scrolls of identify
 l - a scroll of amnesia
 m - a scroll of teleportation {unknown}
 r - a scroll of blinking
 u - a scroll of noise {unknown}
Potions
 c - a potion of ambrosia
 f - a potion of heal wounds
 i - a potion of curing {unknown}
 j - a potion of mutation {unknown}
 k - a potion of haste {unknown}
 o - a potion of might {unknown}
 q - a potion of lignification {unknown}
 s - a potion of resistance {unknown}


   Skills:
 + Level 5.1 Fighting
 + Level 5.6 Axes
 + Level 3.4 Dodging
 + Level 3.0 Stealth


You had 5 spell levels left.
You didn't know any spells.
Your spell library contained the following spells:

 Spells                   Type           Power      Damage    Failure   Level
 Fireball                 Conj/Fire      0%         3d3       100%        5
 Starburst                Conj/Fire      0%         6d3       100%        6
 Ignition                 Fire           0%         3d3       100%        8


Dungeon Overview and Level Annotations

Branches:
Dungeon (3/15)              Sewer (visited)

Altars:

Annotations:
D:3 Natasha


Message History

You are too injured to fight recklessly!
You are too injured to fight recklessly!
You barely miss Natasha.
Natasha is heavily wounded.
Natasha drinks a potion.
Natasha's spells are empowered!
You hit Natasha but do no damage.
Natasha is heavily wounded.
Natasha closely misses you. Natasha claws you but does no damage.
You closely miss Natasha.
Natasha is heavily wounded.
Natasha stares at you and mumbles some strange words.
The magic dart hits you! Natasha completely misses you.
You completely miss Natasha.
Natasha is heavily wounded.
Natasha mumbles some strange words.
You hit Natasha but do no damage.
Natasha is heavily wounded.
Natasha closely misses you.
The white imp shouts, "Slither away, thou warped toot-wallowing nightsoil!"
Natasha stares at you and mumbles some strange words.
You resist with significant effort.
You slash Natasha!
Natasha is almost dead.
The white imp shouts, "Submit, thou loggerheaded clapper-clawed joithead!"
Natasha claws you!
* * * LOW HITPOINT WARNING * * *
You barely miss Natasha.
Natasha is almost dead.
Natasha barely misses you. Natasha claws you.
* * * LOW HITPOINT WARNING * * *
You closely miss Natasha. Your punch misses Natasha.
Natasha is almost dead.
Natasha claws you.
* * * LOW HITPOINT WARNING * * *
You barely miss Natasha.
Natasha is almost dead.
The white imp disappears in a puff of smoke!
Natasha stares at you and mumbles some strange words.
The magic dart hits you!
You die...

......### #########
........# #.......#
......#.# #.#####.#
......#.#####.####*,*
......#..........#*,#
#############.##.##.#
# #.......# #
####.#### ## *******
#@# .## *,,,,,* #h#
..# *,,,,,* #ยง#***
#.# *,,,,,* #5.,,***
#.# *,,,,,* ##.,,,,*
#.# **,,,,,* **..,,,*
#.# #..,,,,* *,..,,<*
..# #.#*,*,* *,...,,*
### #.########
*,,,,,,*


You could see Natasha (empowered) and a shadow imp (summoned).

Vanquished Creatures
  2 bullfrogs (Sewer)
  Robin (D:3)
  3 adders
  A river rat (D:3)
  A worm (D:2)
  2 dart slugs (D:1)
  3 bats
  2 endoplasms (D:2)
  7 giant cockroaches
  19 goblins
  9 hobgoblins
  6 quokkas
  12 ball pythons
  11 frilled lizards
  A kobold (D:1)
  2 rats
82 creatures vanquished.

Notes
Turn   | Place    | Note
-------+----------+-------------------------------------------
     0 | D:1      | Dabor the Hill Orc Monk began the quest for the Orb.
     0 | D:1      | Reached XP level 1. HP: 19/19 MP: 1/1
   173 | D:1      | Reached XP level 2. HP: 27/27 MP: 2/2
  1073 | D:2      | Reached XP level 3. HP: 29/33 MP: 3/3
  1565 | D:2      | Found a faded altar of an unknown god.
  1819 | D:3      | Reached XP level 4. HP: 31/40 MP: 4/4
  1821 | D:3      | Found a glowing drain.
  1853 | Sewer    | Entered a sewer
  2403 | Sewer    | Noticed a bullfrog
  2426 | Sewer    | Killed a bullfrog
  2427 | Sewer    | Reached skill level 5 in Axes
  2427 | Sewer    | Reached XP level 5. HP: 25/47 MP: 5/5
  2701 | Sewer    | Reached skill level 5 in Fighting
  2701 | Sewer    | Reached XP level 6. HP: 46/56 MP: 6/6
  2803 | D:3      | Identified the -4 helmet "Besti" {rC- Int+3}
  2803 | D:3      | Noticed Robin
  2818 | D:3      | Killed Robin
  3146 | D:3      | Noticed Natasha
  3170 | D:3      | Killed from afar by Natasha

Illustrated notes

Levels and vault maps discovered:
D:1:      kennysheep_arrival_seaside, layout_loops_ring, minmay_domino_2
D:2:      cheibrodos_greedy_goblins, layout_basic,
          chequers_ecumenical_altar_twisty, minivault_11
D:3:      layout_loops_cross, portal_sewer_entry_b, uniq_natasha, uniq_robin

Skill      XL: |  1  2  3  4  5 |
---------------+----------------+-----
Stealth        | 2 3 |  3.0
Fighting       | 4 5 |  5.1
Dodging        | 3 |  3.4
Axes           | 5 |  5.6

Action                   |  1- 3 |  4- 6 || total
-------------------------+-------+-------++-------
Melee: Hand axe          |    27 |    35 ||    62
       Mace              |    64 |   127 ||   191
       Punch             |     2 |     3 ||     5
Throw: Dart              |       |     1 ||     1
  Use: Scroll            |     4 |       ||     4
 Stab: Sleeping          |     1 |     1 ||     2
Armor: Ring mail         |    39 |   101 ||   140
       Robe              |     4 |       ||     4
Dodge: Dodged            |    62 |   129 ||   191

Table legend: (Time is in decaauts)
 A = Elapsed time spent in this place.
 B = Non-inter-level travel time spent in this place.
 C = Inter-level travel time spent in this place.
 D = Time resting spent in this place.
 E = Time spent auto-exploring this place.
 F = Levels seen in this place.
 G = Mean time per level.
                   A        B        C        D        E       F      G
               +--------+--------+--------+--------+--------+-----+--------+
         Total |   3292 |   3167 |    125 |    528 |   1814 |   4 |  823.0 |
       Dungeon |   2311 |   2186 |    125 |      0 |   1737 |   3 |  770.3 |
         Sewer |    981 |    981 |      0 |    528 |     77 |   1 |  981.0 |
               +--------+--------+--------+--------+--------+-----+--------+

Top non-repeatable levels by time:
   Sewer: 981 daAuts
     D:1: 912 daAuts
     D:2: 899 daAuts
     D:3: 499 daAuts
